Map: Lightshade LE

Players

HeroMarine - Winner!

  • Race: Terran Terran
  • League: Master

MaxPax

  • Race: Protoss Protoss
  • League: Grandmaster

Event: DreamHack SC2 Masters 2021 Summer

VOD

Have the link to the VOD?

Description

Time

  • Played on: May 28, 2021, 2:45 p.m.
  • Length: 14:36

All games in this series

Show
View Real Time Build Order
Export as new Build Order

HeroMarine Terran - Winner!

Build Orders: Reaper Expand 

Get SALT Encoding   

  12  0:00  SCV  
  13  0:12  SCV  
  14  0:17  Supply Depot  
  14  0:24  SCV  
  15  0:38  SCV  
  15  0:40  Barracks  
  16  0:43  Refinery  
  16  0:50  SCV  
  17  1:02  SCV  
  18  1:14  SCV  
  19  1:27  Orbital Command, Reaper  
  20  1:41  Command Center  
  20  1:50  Supply Depot  
  20  1:54  SCV  
  20  1:59  Marine  
  22  2:06  SCV  
  22  2:07  Bunker  
  23  2:15  Factory  
  23  2:17  Marine  
  23  2:21  SCV  
  25  2:28  Refinery  
  25  2:33  SCV  
  25  2:35  Barracks Reactor  
  26  2:45  SCV  
  27  2:53  Orbital Command  
  27  2:57  SCV  
  28  2:59  Hellion  
  28  3:00  Starport  
  30  3:09  SCV  
  30  3:12  Marine  
  31  3:13  Marine  
  31  3:19  SCV  
  34  3:20  Factory Tech Lab  
  34  3:21  SCV  
  35  3:27  Supply Depot  
  35  3:30  Marine x2  
  35  3:31  SCV  
  35  3:33  SCV  
  38  3:43  SCV  
  38  3:45  Factory Tech Lab, SCV  
  38  3:48  Marine x2  
  40  3:49  Raven  
  40  3:52  Engineering Bay  
  44  3:56  SCV  
  44  3:57  SCV  
  46  4:03  Supply Depot  
  46  4:06  Siege Tank  
  46  4:08  SCV  
  46  4:09  SCV  
  51  4:14  Marine x2  
  53  4:21  SCV  
  53  4:22  SCV  
  54  4:25  Missile Turret  
  54  4:26  Missile Turret  
  54  4:32  Marine x2, Viking  
  54  4:33  SCV  
  54  4:34  SCV  
  60  4:43  Supply Depot  
  60  4:45  Siege Tank  
  63  4:47  SCV x2  
  63  4:49  Marine  
  63  4:50  Marine  
  67  5:00  SCV  
  67  5:01  SCV  
  67  5:02  Refinery  
  67  5:04  Barracks  
  67  5:05  Barracks  
  69  5:07  Marine x2  
  69  5:12  SCV  
  69  5:13  SCV  
  73  5:17  Terran Infantry Weapons Level 1  
  73  5:19  Refinery, Supply Depot  
  73  5:25  SCV x2  
  78  5:28  Siege Tank  
  78  5:32  Marine  
  78  5:36  Marine  
  78  5:38  Supply Depot  
  78  5:40  SCV x2  
  78  5:42  Supply Depot  
  80  5:50  Marine  
  80  5:52  SCV x2  
  80  5:53  Marine  
  84  5:59  Stimpack  
  84  6:00  Starport Reactor  
  84  6:01  Supply Depot  
  84  6:03  Marine  
  83  6:08  Marine  
  83  6:10  Factory Reactor  
  84  6:11  Marine  
  84  6:12  Combat Shield  
  84  6:13  Command Center  
  86  6:19  SCV x2  
  86  6:24  Marauder  
  86  6:25  Marauder  
  90  6:32  Barracks  
  90  6:33  Supply Depot  
  90  6:34  Barracks, Marine x2  
  90  6:39  Medivac x2  
  95  6:43  SCV x2  
  95  6:47  Marauder x2  
  93  6:54  Marine x2  
  93  6:55  SCV x2  
  97  7:02  Widow Mine  
  97  7:03  Widow Mine  
  97  7:07  SCV  
  102  7:09  Marauder, Medivac x2  
  102  7:12  Marine x2  
  110  7:18  SCV  
  110  7:19  SCV  
  112  7:30  Marauder  
  112  7:31  Marauder, Marine x2, Concussive Shells  
  112  7:32  Barracks Reactor, Barracks Tech Lab  
  112  7:33  Orbital Command  
  112  7:34  SCV  
  112  7:35  SCV  
  120  7:38  Widow Mine x2  
  124  7:46  Medivac x2  
  128  7:51  Terran Infantry Armor Level 1  
  128  7:52  Orbital Command, Marauder, Marine  
  128  7:53  Marine  
  128  7:55  SCV  
  133  8:02  SCV  
  133  8:03  Supply Depot  
  134  8:08  Marauder x2  
  134  8:09  Widow Mine  
  134  8:10  Widow Mine  
  136  8:24  SCV x2  
  136  8:26  Marauder, Medivac x2  
  142  8:29  Marauder  
  142  8:34  SCV  
  143  8:36  SCV x2  
  143  8:37  Marauder, Marine x2  
  144  8:44  Marine x2  
  144  8:46  Widow Mine  
  144  8:47  Marauder  
  135  8:50  Marauder  
  135  8:51  Missile Turret  
  135  8:52  SCV  
  135  8:53  SCV  
  139  8:55  SCV  
  139  8:56  Medivac  
  139  9:01  Marauder  
  119  9:04  SCV  
  119  9:07  SCV x2  
  119  9:08  Marauder  
  116  9:12  Marauder, Marine x2  
  114  9:22  Marauder, Viking  
  113  9:25  Refinery  
  113  9:26  Refinery, Viking  
  113  9:30  Factory Tech Lab, Marauder, Marine  
  118  9:32  Starport  
  118  9:33  Marauder  
  118  9:36  Bunker, Marine  
  118  9:37  Marine x2  
  118  9:38  Supply Depot  
  123  9:43  Armory  
  123  9:44  Marauder  
  125  9:48  Marine  
  125  9:51  Marauder  
  125  9:52  Viking  
  130  9:54  Marine x2  
  130  9:55  Marauder  
  130  9:56  Viking  
  130  9:57  Supply Depot  
  136  10:00  Marine  
  136  10:01  SCV x3  
  136  10:05  Marauder, Marine  
  141  10:12  Marauder  
  141  10:14  Marine  
  140  10:16  Marauder  
  140  10:18  Viking x2  
  140  10:19  Siege Tank  
  150  10:26  Marauder, Marine x3  
  153  10:28  Viking x2  
  153  10:31  Marine  
  153  10:34  Marauder  
  160  10:37  Marauder  
  162  10:45  Marine  
  162  10:46  Marine x2  
  165  10:50  Terran Infantry Weapons Level 2  
  165  10:51  Supply Depot  
  165  10:52  Marine, Supply Depot  
  165  10:53  Marauder  
  165  10:55  Marauder  
  165  10:56  Missile Turret  
  170  10:58  Viking  
  170  11:03  Marine  
  173  11:12  Viking x3  
  173  11:13  Marauder  
  173  11:15  Terran Ship Weapons Level 1  
  181  11:19  Command Center  
  180  11:26  Engineering Bay, Ghost Academy  
  180  11:28  Marauder  
  182  11:34  Marauder  
  182  11:37  Viking  
  182  11:39  Siege Tank  
  188  11:47  Marauder  
  188  11:50  Marauder  
  186  11:55  SCV x2  
  186  11:56  SCV  
  188  12:04  Marauder  
  188  12:14  Marauder x2  
  189  12:18  Marine  
  189  12:19  Marine  
  189  12:20  Marine x2  
  185  12:23  Liberator  
  185  12:25  Marauder  
  185  12:29  Liberator  
  189  12:34  SCV x2  
  189  12:36  SCV, Marauder x2, Marine  
  152  12:46  Marine x2  
  152  12:47  Marauder, Marine  
  145  12:54  Marine  
  145  12:57  Marauder x2  
  142  13:01  Widow Mine  
  142  13:04  Marine  
  145  13:07  SCV x3  
  145  13:08  Marauder  
  145  13:11  Liberator  
  155  13:21  Sensor Tower  
  155  13:27  Marauder  
  155  13:28  Marauder, Missile Turret  
  155  13:30  Marauder  
  155  13:32  Planetary Fortress  
  144  13:42  Marine  
  144  13:43  Marine  
  144  13:48  Marauder  
  144  13:49  Marauder  
  144  13:51  Marauder  
  144  13:52  Widow Mine, Bunker  
  150  14:10  Marauder  
Show
View Real Time Build Order
Export as new Build Order

MaxPax Protoss 

Build Orders: 1 Gate Expand, Zealot Archon, Archon Drop, Dark Templar Rush 

Get SALT Encoding   

  12  0:08  Pylon  
  12  0:12  Probe  
  13  0:27  Gateway  
  13  0:29  Probe (Chrono Boost)  
  14  0:39  Probe (Chrono Boost)  
  15  0:42  Assimilator  
  15  0:44  Probe (Chrono Boost)  
  16  0:55  Probe  
  17  1:08  Probe  
  18  1:14  Cybernetics Core  
  18  1:20  Probe  
  19  1:31  Nexus  
  19  1:38  Pylon  
  19  1:41  Probe  
  20  1:47  Adept (Chrono Boost)  
  20  1:53  Assimilator  
  22  1:56  Probe  
  22  1:59  Warp Gate  
  23  2:07  Adept (Chrono Boost)  
  23  2:08  Probe  
  26  2:21  Probe  
  27  2:29  Twilight Council  
  27  2:32  Adept  
  27  2:33  Probe  
  30  2:42  Shield Battery  
  30  2:46  Probe (Chrono Boost)  
  30  2:50  Probe (Chrono Boost)  
  32  2:56  Probe (Chrono Boost)  
  32  2:57  Robotics Facility  
  33  3:00  Probe (Chrono Boost)  
  33  3:01  Probe (Chrono Boost)  
  35  3:12  Probe  
  37  3:22  Dark Shrine  
  37  3:24  Probe  
  37  3:27  Probe  
  37  3:29  Gateway  
  37  3:36  Probe  
  37  3:39  Probe  
  39  3:45  Warp Prism (Chrono Boost)  
  40  3:49  Probe (Chrono Boost)  
  40  3:51  Probe (Chrono Boost)  
  43  3:57  Gateway  
  45  4:03  Probe (Chrono Boost)  
  45  4:06  Probe (Chrono Boost), Pylon  
  45  4:07  Pylon  
  45  4:09  Probe (Chrono Boost)  
  45  4:13  Assimilator  
  45  4:16  Assimilator  
  46  4:25  Probe x2  
  46  4:29  Pylon  
  48  4:37  Probe x2, Dark Templar x2  
  54  4:38  Blink (Chrono Boost)  
  54  4:49  Probe x2  
  56  5:00  Dark Templar  
  56  5:01  Probe x2, Archon  
  56  5:06  Pylon  
  60  5:11  Nexus  
  60  5:14  Dark Templar, Stalker  
  60  5:16  Probe  
  60  5:20  Probe, Archon  
  66  5:24  Forge  
  66  5:28  Probe  
  66  5:32  Probe  
  68  5:40  Stalker x2  
  68  5:41  Probe  
  68  5:42  Observer  
  74  5:44  Robotics Bay  
  74  5:47  Pylon  
  74  5:50  Probe  
  74  5:53  Probe, Pylon  
  76  6:03  Probe  
  77  6:06  Stalker x3  
  77  6:07  Probe  
  77  6:10  Charge  
  84  6:13  Protoss Ground Weapons Level 1  
  84  6:15  Probe  
  85  6:21  Probe  
  83  6:27  Probe  
  83  6:28  Shield Battery  
  83  6:29  Colossus (Chrono Boost), Gateway  
  83  6:35  Probe  
  83  6:36  Probe  
  83  6:39  Probe  
  92  6:51  Stalker x3  
  98  6:54  Photon Cannon  
  98  6:55  Gateway  
  98  6:58  Extended Thermal Lance  
  97  7:14  Gateway  
  97  7:15  Colossus (Chrono Boost)  
  97  7:16  Gateway  
  97  7:18  Photon Cannon, Pylon  
  103  7:25  Pylon  
  99  7:32  Nexus, Zealot  
  99  7:33  Pylon  
  99  7:35  Sentry  
  103  7:37  Zealot, Sentry  
  103  7:43  Pylon  
  107  7:53  Pylon, Stalker x2  
  111  8:00  Zealot x3  
  117  8:08  Probe, Shield Battery  
  118  8:14  Pylon  
  118  8:15  Zealot x2  
  118  8:18  Colossus (Chrono Boost), Zealot x2  
  130  8:28  Zealot x3  
  122  8:36  Zealot x2  
  80  8:49  Stalker x5  
  74  9:18  Zealot x3  
  74  9:19  Zealot x4  
  74  9:20  Colossus (Chrono Boost)  
  90  9:39  Dark Templar x3  
  90  9:40  Zealot  
  90  9:42  Dark Templar  
  90  9:44  Archon  
  100  9:47  Archon  
  100  9:48  Zealot  
  102  10:01  Zealot x2  
  102  10:06  Protoss Ground Armor Level 1 (Chrono Boost)  
  106  10:16  Nexus  
  104  10:23  Zealot x2  
  104  10:24  Zealot x4  
  104  10:26  Disruptor (Chrono Boost), Sentry  
  117  10:47  Gateway  
  117  10:48  Probe x2  
  117  10:49  Pylon  
  117  10:50  Gateway  
  117  10:51  Shadow Stride (Chrono Boost)  
  117  10:52  Disruptor (Chrono Boost)  
  120  10:57  Probe  
  120  11:00  Shield Battery  
  121  11:05  Zealot x4  
  121  11:10  Stalker  
  131  11:18  Disruptor (Chrono Boost)  
  134  11:22  Dark Templar x2  
  134  11:27  Stalker x2  
  138  11:35  Zealot x3  
  144  11:48  Disruptor (Chrono Boost)  
  145  11:56  Zealot x7  
  146  12:11  Dark Templar  
  136  12:22  Zealot x7  
  137  12:34  Disruptor (Chrono Boost)  
  104  12:44  Zealot x5  
  102  12:58  Disruptor (Chrono Boost)  
  99  13:12  Nexus  
  99  13:27  Disruptor (Chrono Boost)  
  68  13:50  Stalker x4  
  68  13:51  Stalker  
Tags
 
Add a new tag
Caveats
  • Supply blocks, unpowered buildings, or Contaminate may cause inaccurate times.
  • Supply counts are checked every 10 seconds.